 Dungeon Crawl Stone Soup version 0.29.0-11-gd7f09526c8 (webtiles) character file.

Game seed: 15405630755894634631

36545 VictoriousLee the Markstengu (level 13, 0/66 HPs)
             Began as a Tengu Hunter on Sept 3, 2022.
             Was a High Priest of Vehumet.
             Slain by a boulder beetle (19 damage)
             ... on level 4 of the Lair of Beasts.
             The game lasted 01:41:21 (18171 turns).

VictoriousLee the Markstengu (Tengu Hunter)        Turns: 18171, Time: 01:41:22

Health: 0/66       AC: 17    Str: 13    XL:     13   Next: 91%
Magic:  29/29      EV: 17    Int: 10    God:    Vehumet [*****.]
Gold:   348        SH:  0    Dex: 21    Spells: 13/34 levels left

rFire   . . .      SeeInvis .   s - +2 arbalest (freeze)
rCold   . . .      Faith    .   (shield currently unavailable)
rNeg    . . .      Spirit   .   x - +3 ring mail {rPois}
rPois   +          Reflect  .   (helmet restricted)
rElec   .          Harm     .   V - +1 cloak
rCorr   .          Rampage  .   A - +2 pair of gloves
Will    .....                   (boots unavailable)
Stlth   +.........              (no amulet)
HPRegen 0.21/turn               L - +4 ring of protection
MPRegen 0.21/turn               T - ring of wizardry

@: flying quickly and evasively, quick
A: beak, talons 3, nimble flight
a: Renounce Religion


You were on level 4 of the Lair of Beasts.
You worshipped Vehumet.
Vehumet was extremely pleased with you.
You visited 3 branches of the dungeon, and saw 17 of its levels.
You also visited: Ossuary and Bailey.

You collected 1165 gold pieces.
You spent 817 gold pieces at shops.

Inventory:

Hand Weapons
 s - a +2 arbalest of freezing (weapon)
 z - a +9 broad axe
 Z - a +1 demon whip of venom
Missiles
 l - 5 silver javelins
 M - 21 poisoned darts
 N - 2 javelins
 Q - 2 silver boomerangs
 Y - 2 throwing nets
Armour
 x - a +3 ring mail of poison resistance (worn)
 A - a +2 pair of gloves (worn)
 F - a +0 leather armour of fire resistance
 J - a +2 buckler
 K - a +0 kite shield
 U - the +0 scale mail of Tollecom {rC- Will++ Dex+5}
   (You found it on level 7 of the Dungeon)

   Dex:       It affects your dexterity (+5).
   rC:        It makes you vulnerable to cold.
   Will:      It greatly increases your willpower.
 V - a +1 cloak (worn)
Jewellery
 c - a ring of protection from cold
 k - a ring of fire
 p - a ring of see invisible
 D - a ring of wizardry
 I - a ring of protection from fire
 L - a +4 ring of protection (left hand)
 S - a ring of protection from cold
 T - a ring of wizardry (right hand)
Wands
 u - a wand of digging (6)
 v - a wand of quicksilver (10)
 w - a wand of polymorph (10)
 E - a wand of flame (32)
 X - a wand of mindburst (19)
Scrolls
 b - 8 scrolls of immolation
 d - 2 scrolls of fear
 f - 2 scrolls of enchant armour {unknown}
 g - 5 scrolls of teleportation {unknown}
 i - 4 scrolls of noise {unknown}
 q - 2 scrolls of summoning
 t - 9 scrolls of magic mapping
 G - 3 scrolls of amnesia {unknown}
 H - a scroll of fog
 O - a scroll of identify
 P - 5 scrolls of blinking {unknown}
Potions
 a - a potion of resistance
 e - a potion of lignification
 h - 3 potions of ambrosia
 j - 7 potions of curing
 m - 3 potions of heal wounds
 n - a potion of attraction
 o - 4 potions of might
 r - a potion of brilliance
 B - 3 potions of mutation
 C - a potion of berserk rage
 W - 3 potions of magic
Miscellaneous
 y - a tin of tremorstones (2/2)


   Skills:
 - Level 2.0 Fighting
 - Level 16.0 Ranged Weapons
 - Level 6.0 Dodging
 - Level 1.0 Stealth
 - Level 11.3 Spellcasting
 + Level 9.2 Conjurations
 - Level 8.0 Summonings
 - Level 3.0 Translocations
 - Level 2.9 Fire Magic
 + Level 9.2 Air Magic


You had 13 spell levels left.
You knew the following spells:

 Your Spells              Type           Power      Damage    Failure   Level
a - Conjure Ball Lightni  Conj/Air       12%        3x3d6     11%         6
b - Blink                 Tloc           22%        N/A       4%          2
c - Conjure Flame         Conj/Fire      17%        6-21      1%          3
d - Static Discharge      Conj/Air       24%        3-6/arc   1%          2
f - Foxfire               Conj/Fire      68%        2x1d7     1%          1
m - Mephitic Cloud        Conj/Pois/Air  17%        N/A       1%          3
s - Summon Lightning Spi  Summ/Air       22%        N/A       3%          4

Your spell library contained the following spells:

 Spells                   Type           Power      Damage    Failure   Level
 Summon Small Mammal      Summ           84%        N/A       1%          1
 Call Imp                 Summ           21%        N/A       1%          2
 Dazzling Flash           Conj/Hex       28%        N/A       1%          3
 Flame Wave               Conj/Fire      17%        2d7       2%          4
 Iskenderun's Mystic Bla  Conj/Tloc      17%        2d5       2%          4
 Apportation              Tloc           22%        N/A       3%          1
 Fulminant Prism          Conj/Hex       7%         3d7       4%          4
 Inner Flame              Hex/Fire       8%         N/A       5%          3
 Gell's Gravitas          Tloc           11%        N/A       9%          3
 Lesser Beckoning         Tloc           11%        N/A       9%          3
 Teleport Other           Tloc           11%        N/A       9%          3
 Beastly Appendage        Tmut           10%        N/A       11%         1
 Necrotise                Necr           20%        1d5       11%         1
 Olgreb's Toxic Radiance  Pois           5%         N/A       26%         4
 Passage of Golubria      Tloc           11%        N/A       28%         4
 Confusing Touch          Hex            5%         N/A       30%         3
 Starburst                Conj/Fire      8%         6d4       32%         6
 Lee's Rapid Deconstruct  Erth           2%         3d6*      52%         5
 Yara's Violent Unravell  Hex/Tmut       2%         3d3       52%         5
 Manifold Assault         Tloc           11%        N/A       61%         5
 Petrify                  Tmut/Erth      5%         N/A       67%         4
 Alistair's Intoxication  Tmut/Pois      3%         N/A       94%         5
 Metabolic Englaciation   Hex/Ice        2%         N/A       94%         5
 Summon Hydra             Summ           10%        N/A       96%         7
 Dispersal                Tloc           5%         N/A       98%         6
 Statue Form              Tmut/Erth      3%         N/A       100%        6
 Enfeeble                 Hex            2%         N/A       100%        7
 Ozocubu's Refrigeration  Ice            2%         4d8       100%        7
 Ignition                 Fire           5%         3d4       100%        8


Dungeon Overview and Level Annotations

Branches:
Dungeon (12/15)            Temple (1/1) D:6            Lair (4/5) D:10
 Shoals (0/4) Lair:2       Spider (0/4) Lair:3          Orc (0/2) D:10
Ossuary (visited)          Bailey (visited)
  Slime: Lair:4-5

Altars:
Ashenzari
Cheibriados
Dithmenos
Elyvilon
Fedhas
Gozag
Hepliaklqana
Kikubaaqudgha
Makhleb
Nemelex Xobeh
Okawaru
Qazlal
Ru
Sif Muna
Trog
Uskayaw
Vehumet
Wu Jian
Xom
Yredelemnul
Zin
The Shining One

Shops:
D:1 :   D:4 !   D:5 *   D:7 (?([?

Annotations:
D:6 2 transporters, BoneyBoi1234's ghost, novice TrBe
D:9 4 transporters, jfcaron's ghost, journeyman MeFE


Innate Abilities, Weirdness & Mutations

You have a beak for a mouth.
You have claws for feet.
Your magical nature lets you fly swiftly and evasively.


Message History

The boulder beetle leaps!
No target in view!
Your lightning spire shoots out a bolt of lightning at the boulder beetle!
The bolt of electricity hits the boulder beetle.
You shoot a bolt. The bolt hits the boulder beetle!
The bolt freezes the boulder beetle.
The boulder beetle is moderately wounded.
Your lightning spire shoots out a bolt of lightning at the boulder beetle!
The bolt of electricity hits the boulder beetle.
The bolt of electricity hits the boulder beetle but does no damage.
The boulder beetle curls into a ball and begins rolling!
Your lightning spire shoots out a bolt of lightning at the boulder beetle!
The bolt of electricity hits the boulder beetle. x2
You shoot a bolt.
The bolt hits the boulder beetle but does no damage.
The boulder beetle is heavily wounded.
The boulder beetle closely misses you.
The boulder beetle stops rolling and uncurls.
You shoot a bolt.
The bolt hits the boulder beetle but does no damage.
The boulder beetle is heavily wounded.
The boulder beetle bites you.
You shoot a bolt.
The bolt hits the boulder beetle but does no damage.
The boulder beetle is heavily wounded.
The boulder beetle misses you.
You shoot a bolt. The bolt hits the boulder beetle!
The bolt freezes the boulder beetle.
The boulder beetle is severely wounded.
The boulder beetle closely misses you. The boulder beetle bites you!!
You shoot a bolt.
The bolt hits the boulder beetle but does no damage.
The boulder beetle is severely wounded.
The boulder beetle bites you!!
* * * LOW HITPOINT WARNING * * *
As you read the scroll of fear, it crumbles to dust.
You assume a fearsome visage.
The boulder beetle resists with some effort.
The boulder beetle bites you!!
You die...

.......###.........
.#..................
P###..#####...###... .#
##^## ##..# #.# #####..#
#..## #.. #
..##...####...# #.# 8#
...<...##....## #.# ..#
#####.#....P.#####.#...#
# ##...........@B..#
####..###....#.##..##
...##..#####.####.8.#
..###..# ##.## #..##
.......# #...# #..#
#.#.#.## #..## #P.#
.####.P# ##.# ##.. .#
#..## #.## ... #####.#.#
##..#


You could see a boulder beetle (ally target) and a friendly lightning spire
(summoned).

Vanquished Creatures
  An orc warlord (Bailey)
  A hydra (Lair:2)
  3 two-headed ogres
  Amaemon (Lair:2)
  Pikel (D:7)
  An orc knight (Bailey)
  A wolf spider (Lair:3)
  A cyclops (D:11)
  2 black mambas
  An orange demon (Lair:2)
  Maurice (D:11)
  3 elephants (Lair:2)
  3 cane toads
  Maggie (D:7)
  A kobold demonologist (D:10)
  4 komodo dragons
  A polar bear (Lair:2)
  10 blink frogs
  4 wyverns
  26 yaks
  2 wraiths
  2 basilisks
  A steam dragon (D:9)
  2 vampire mosquitoes (D:12)
  An acid dragon (D:10)
  6 water moccasins
  16 orc warriors
  An ice beast (D:4)
  6 black bears
  4 wolves (Lair:1)
  8 centaurs
  2 lemures (D:7)
  2 phantoms (D:6)
  2 kobold brigands (D:8)
  9 bullfrogs
  4 gnoll sergeants
  A necrophage (D:6)
  2 scorpions (D:4)
  15 killer bees
  A howler monkey (D:9)
  3 hounds
  A jelly (D:6)
  A gnoll bouda (D:5)
  2 orc priests
  Crazy Yiuf (D:7)
  Ijyb (D:3)
  Terence (D:3)
  Jessica (D:3)
  2 iguanas
  14 orc wizards
  A nameless horror (Lair:2)
  3 mummies (Ossuary)
  8 adders
  29 gnolls
  2 shadow imps
  A white imp (D:6)
  An ufetubus (D:7)
  A worm (D:11)
  3 dart slugs
  51 orcs
  12 ball pythons
  2 bats (D:3)
  7 endoplasms
  18 goblins
  23 hobgoblins
  5 quokkas
  A frilled lizard (D:2)
  2 goblin zombies (D:4)
  3 hobgoblin zombies (Ossuary)
  18 kobolds
  6 rats
378 creatures vanquished.

Vanquished Creatures (collateral kills)
  2 elephants
  A torpor snail (Lair:3)
  A cane toad (Lair:2)
  A troll (D:11)
  A polar bear (Lair:3)
  5 blink frogs
  9 yaks
  2 wolves (Lair:1)
  A bullfrog (Lair:2)
  3 kobolds (D:10)
26 creatures vanquished.

Vanquished Creatures (others)
  8 fungi
  26 plants
34 creatures vanquished.

Grand Total: 438 creatures vanquished

Notes
Turn   | Place    | Note
-------+----------+-------------------------------------------
     0 | D:1      | VictoriousLee the Tengu Hunter began the quest for the Orb.
     0 | D:1      | Reached XP level 1. HP: 12/12 MP: 2/2
    91 | D:1      | Reached XP level 2. HP: 11/17 MP: 3/3
   211 | D:1      | Found Diubed's Book Shop.
   238 | D:1      | Reached skill level 5 in Ranged Weapons
   242 | D:1      | Found a faded altar of an unknown god.
   554 | D:1      | Reached XP level 3. HP: 21/21 MP: 4/4
  1413 | D:3      | Reached skill level 6 in Ranged Weapons
  1675 | D:3      | Reached XP level 4. HP: 26/26 MP: 5/5
  1902 | D:3      | Noticed Jessica
  1919 | D:3      | Killed Jessica
  2150 | D:3      | Noticed Ijyb
  2168 | D:3      | Killed Ijyb
  2169 | D:3      | Gained mutation: Your magical nature lets you fly swiftly
                  | and evasively. [Tengu growth]
  2169 | D:3      | Reached XP level 5. HP: 20/30 MP: 6/6
  2274 | D:3      | Noticed Terence
  2766 | D:3      | Killed Terence
  2767 | D:3      | Reached skill level 7 in Ranged Weapons
  3070 | D:4      | Reached XP level 6. HP: 21/35 MP: 7/7
  3072 | D:4      | Reached skill level 8 in Ranged Weapons
  3456 | D:4      | Found a sand-covered staircase.
  3463 | Ossuary  | Entered an ossuary
  3764 | D:4      | Noticed an ice beast
  3804 | D:4      | Killed an ice beast
  3805 | D:4      | Reached skill level 9 in Ranged Weapons
  3805 | D:4      | Reached XP level 7. HP: 17/40 MP: 8/8
  4215 | D:4      | Found Zoja's Distillery.
  4293 | D:5      | Entered Level 5 of the Dungeon
  4863 | D:5      | Found Zobomih's Assorted Antiques.
  5097 | D:5      | Reached skill level 10 in Ranged Weapons
  5100 | D:5      | Learned a level 2 spell: Blink
  5867 | D:5      | Reached XP level 8. HP: 44/44 MP: 9/9
  5968 | D:6      | Found a basalt altar of Yredelemnul.
  5968 | D:6      | Found an iron altar of Okawaru.
  5969 | D:6      | Found a broken altar of Ashenzari.
  5980 | D:6      | Found a sparkling altar of Nemelex Xobeh.
  6008 | D:6      | Found a transporter.
  6013 | D:6      | Found a transporter.
  6014 | D:6      | Noticed BoneyBoi1234's ghost (novice TrBe)
  6109 | D:6      | Found a staircase to the Ecumenical Temple.
  6130 | Temple   | Entered the Ecumenical Temple
  6278 | Temple   | Became a worshipper of Vehumet
  6338 | D:6      | Reached skill level 11 in Ranged Weapons
  6620 | D:6      | Noticed a yak
  6621 | D:6      | Noticed a yak
  6661 | D:6      | Killed a yak
  6665 | D:6      | Killed a yak
  6807 | D:6      | Noticed a yak
  6807 | D:6      | Noticed a yak
  6808 | D:6      | Noticed a yak
  6824 | D:6      | Killed a yak
  6860 | D:6      | Killed a yak
  6861 | D:6      | Reached skill level 5 in Dodging
  6861 | D:6      | Reached XP level 9. HP: 43/48 MP: 10/10
  6869 | D:6      | Reached skill level 12 in Ranged Weapons
  7351 | D:7      | Reached skill level 1 in Spellcasting
  7494 | D:7      | Found Susav's Magic Scroll Shop.
  7502 | D:7      | Bought a scroll of brand weapon for 133 gold pieces
  7653 | D:7      | Found Tiddawul's Weapon Boutique.
  7688 | D:7      | Noticed Maggie
  7713 | D:7      | Killed Maggie
  7714 | D:7      | Noticed Pikel
  7721 | D:7      | Found Kuczadd's Antique Armour Emporium.
  7742 | D:7      | Killed Pikel
  7743 | D:7      | Reached skill level 13 in Ranged Weapons
  7935 | D:7      | Found Zanoq's Weapon Shoppe.
  7977 | D:7      | Reached XP level 10. HP: 46/53 MP: 17/17
  8232 | D:7      | Identified the +0 scale mail of Tollecom {rC- Will++ Dex+5}
  8245 | D:7      | Learned a level 1 spell: Foxfire
  8500 | D:7      | Found a runed translucent door.
  8501 | D:7      | Noticed Crazy Yiuf
  8512 | D:7      | Killed Crazy Yiuf
  8564 | D:7      | Found Asmusob's Magic Scroll Emporium.
  8629 | D:8      | Noticed a two-headed ogre
  8662 | D:8      | Killed a two-headed ogre
  8663 | D:8      | Reached skill level 14 in Ranged Weapons
  8663 | D:8      | Reached skill level 5 in Spellcasting
  9025 | D:8      | Reached * piety under Vehumet
  9025 | D:8      | Offered knowledge of Sandblast by Vehumet.
  9026 | D:8      | Reached skill level 15 in Ranged Weapons
  9344 | D:9      | Reached skill level 1 in Translocations
  9379 | D:9      | Found a transporter.
  9381 | D:9      | Noticed a manticore
  9383 | D:9      | Noticed a kobold demonologist
  9383 | D:9      | Noticed jfcaron's ghost (journeyman MeFE)
  9384 | D:9      | Found a transporter.
  9385 | D:9      | Noticed a centaur warrior
  9471 | D:9      | Found a transporter.
  9472 | D:9      | Noticed a kobold demonologist
  9472 | D:9      | Noticed a deep elf knight
  9473 | D:9      | Noticed a kobold demonologist
  9477 | D:9      | Found a transporter.
  9492 | D:9      | Noticed a kobold demonologist
  9493 | D:9      | Noticed a deep elf knight
  9590 | D:9      | Noticed a two-headed ogre
  9611 | D:9      | Killed a two-headed ogre
  9612 | D:9      | Reached XP level 11. HP: 45/57 MP: 15/19
  9819 | D:9      | Offered knowledge of Static Discharge by Vehumet.
  9829 | D:9      | Reached ** piety under Vehumet
  9830 | D:9      | Reached skill level 16 in Ranged Weapons
  9888 | D:9      | Found a flagged portal.
  9898 | Bailey   | Entered a bailey
  9986 | Bailey   | Learned a level 2 spell: Static Discharge
 10033 | Bailey   | Reached skill level 1 in Air Magic
 10208 | Bailey   | Offered knowledge of Stone Arrow by Vehumet.
 10230 | Bailey   | Noticed an orc knight
 10273 | Bailey   | Killed an orc knight
 10283 | Bailey   | Reached *** piety under Vehumet
 10437 | Bailey   | Noticed an orc warlord
 10493 | Bailey   | Killed an orc warlord
 10494 | Bailey   | Reached skill level 5 in Conjurations
 10494 | Bailey   | Reached skill level 5 in Air Magic
 10875 | D:9      | Got the Vellum of Transformation
 11047 | D:9      | Identified a scroll of acquirement
 11052 | D:9      | Reached skill level 5 in Summonings
 11052 | D:9      | Reached XP level 12. HP: 62/62 MP: 20/20
 11053 | D:9      | Acquired a +1 arbalest of freezing
 11090 | D:10     | Entered Level 10 of the Dungeon
 11206 | D:10     | Offered knowledge of Mephitic Cloud by Vehumet.
 11213 | D:10     | Learned a level 3 spell: Mephitic Cloud
 11568 | D:10     | Reached skill level 1 in Fire Magic
 11708 | D:10     | Found a staircase to the Lair.
 11784 | D:10     | Found a staircase to the Orcish Mines.
 11885 | D:10     | Noticed a sun demon
 11886 | D:10     | Noticed a soul eater
 12182 | D:1      | Bought the Atlas of Planar Illusion for 588 gold pieces
 12187 | D:1      | Learned a level 4 spell: Summon Lightning Spire
 12493 | D:10     | Reached **** piety under Vehumet
 12783 | D:10     | Offered knowledge of Irradiate by Vehumet.
 12842 | D:11     | Found a snail-covered altar of Cheibriados.
 13009 | D:11     | Noticed Maurice
 13037 | D:11     | Killed Maurice
 13577 | D:12     | Noticed a seven-headed hydra
 13581 | D:12     | Noticed a two-headed ogre
 13588 | D:11     | Killed a two-headed ogre
 13894 | Lair:1   | Entered Level 1 of the Lair of Beasts
 14124 | Lair:1   | Reached XP level 13. HP: 66/66 MP: 21/23
 14128 | Lair:1   | Learned a level 3 spell: Conjure Flame
 14934 | Lair:2   | Found a bloodstained altar of Trog.
 14940 | Lair:2   | Found a staircase to the Shoals.
 15624 | Lair:2   | Noticed Amaemon
 15629 | Lair:2   | Reached ***** piety under Vehumet
 15634 | Lair:2   | Killed Amaemon
 15722 | Lair:2   | Offered knowledge of Conjure Ball Lightning by Vehumet.
 15730 | Lair:2   | Learned a level 6 spell: Conjure Ball Lightning
 15756 | Lair:2   | Reached skill level 10 in Spellcasting
 16731 | D:7      | Bought a scroll of identify for 24 gold pieces
 16731 | D:7      | Bought a scroll of identify for 24 gold pieces
 16733 | D:7      | Bought a scroll of identify for 24 gold pieces
 16733 | D:7      | Bought a scroll of identify for 24 gold pieces
 17225 | Lair:3   | Found a hole to the Spider Nest.
 18171 | Lair:4   | Slain by a boulder beetle

Illustrated notes

Levels and vault maps discovered:
D:1:      amcnicky_arrival_feature_with_door, layout_rooms,
          hellmonk_ecumenical_altar_blasted, serial_shops, nicolae_diamond_shop
D:2:      layout_loops_cross
D:3:      layout_loops_ring, uniq_jessica, uniq_terence, uniq_ijyb
D:4:      layout_loops_ring, serial_shops, nicolae_take_the_stairs,
          enter_ossuary_4
D:5:      layout_cave_pods, serial_shops, shop
D:6:      layout_basic, nicolae_overflow_quartered_altars,
          minmay_temple_entry_fiery, gammafunk_ghost_smash,
          corexii_corridor_pit, nicolae_figureground_pulse
D:7:      layout_loops_ring, serial_shops, nicolae_shop_behind_doors,
          nicolae_inconvenience_store, kennysheep_mini_moat,
          nicolae_shop_hallway_plus, nicolae_shop_waterfront, uniq_maggie,
          uniq_crazy_yiuf_cottage, uniq_pikel
D:8:      layout_basic
D:9:      gammafunk_wand_slinger, layout_loops_ring, enter_bailey_5,
          gammafunk_ghost_arena
D:10:     layout_irregular_city, david_lair_shrubbed, hiddenorc1_lemuel
D:11:     layout_loops_cross, slow_altar_1, uniq_maurice
D:12:     minmay_the_grid_4x2 [minmay_the_grid_doors, minmay_the_grid_spin_star,
          minmay_the_grid_paths, minmay_the_grid_fan,
          minmay_the_grid_outer_circle, minmay_the_grid_spikes,
          minmay_the_grid_square_x, minmay_the_grid_prize_shrinking_boxes],
          layout_rooms, nzn_wu_jian_council_hall, uniq_josephine
Temple:   nicolae_temple_two_arcs
Lair:1:   layout_loops_ring, chequers_serial_rivers_small_b,
          infiniplex_staircase_pool_2
Lair:2:   layout_cave_pods, minmay_shoals_entry_centaurs, basic_altar,
          beast_lair_carwin_1, grunt_megastairs_1, uniq_amaemon
Lair:3:   layout_layer_cave, spider_nest_entry_rubble, st_stairs_9
Lair:4:   layout_small_grid, serial_bayou_shore_a, grunt_megastairs_5,
          lemuel_fruit_tree

Skill      XL: |  1  2  3  4  5  6  7  8  9 10 11 12 13 |
---------------+----------------------------------------+-----
Ranged Weapons | 5 6 7 9 10 11 13 15 16 | 16.0
Dodging        | 5 6 |  6.0
Spellcasting   | 4 5 6 11 | 11.3
Translocations | 2 3 |  3.0
Conjurations   | 9 |  9.2
Air Magic      | 8 9 |  9.2
Summonings     | 5 8 |  8.0
Fire Magic     | 2 |  2.9
Fighting       | |  2.0
Stealth        | |  1.0

Action                   |  1- 3 |  4- 6 |  7- 9 | 10-12 | 13-15 || total
-------------------------+-------+-------+-------+-------+-------++-------
Melee: Unarmed           |       |     4 |       |       |       ||     4
       Shortbow          |       |       |       |     2 |       ||     2
 Fire: Shortbow          |    96 |   158 |   328 |   438 |       ||  1020
       Arbalest          |       |       |       |   197 |   216 ||   413
 Cast: Summon Lightning  |       |       |       |    19 |    38 ||    57
       Conjure Flame     |       |       |       |       |     1 ||     1
Evoke: Wand              |       |       |     3 |     9 |       ||    12
  Use: Scroll            |     5 |     1 |     5 |     5 |     5 ||    21
       Potion            |     1 |       |     2 |     3 |       ||     6
Armor: Leather armour    |     7 |     1 |       |       |       ||     8
       Ring mail         |       |    58 |    55 |   118 |    37 ||   268
Dodge: Dodged            |    19 |    80 |   116 |   275 |   109 ||   599
